 Dungeon Crawl Stone Soup version 0.29.1-15-g9cfb28693d (webtiles) character file.

Game seed: 16009967384693177523

336 Silvore the Slasher (level 6, -1/52 HPs)
             Began as a Minotaur Fighter on May 1, 2023.
             Killed from afar by an orc wizard (10 damage)
             ... with a puff of flame
             ... on level 4 of the Dungeon.
             The game lasted 00:03:18 (3982 turns).

Silvore the Slasher (Minotaur Fighter)              Turns: 3982, Time: 00:03:18

Health: -1/52      AC:  7    Str: 20    XL:     6   Next: 28%
Magic:  5/5        EV:  8    Int:  5    God:
Gold:   192        SH:  9    Dex: 12    Spells: 5/5 levels left

rFire   . . .      SeeInvis .   a - +1 long sword
rCold   . . .      Faith    .   h - +0 kite shield
rNeg    . . .      Spirit   .   b - +0 scale mail
rPois   .          Reflect  .   (helmet restricted)
rElec   .          Harm     .   (no cloak)
rCorr   .          Rampage  .   (no gloves)
Will    .....                   (no boots)
Stlth   ..........              (no amulet)
HPRegen 0.17/turn               (no ring)
MPRegen 0.09/turn               (no ring)

@: mighty
A: horns 2, retaliatory headbutt
a: no special abilities


You were on level 4 of the Dungeon.
You visited 1 branch of the dungeon, and saw 4 of its levels.

You collected 192 gold pieces.

Inventory:

Hand Weapons
 a - a +1 long sword (weapon)
Armour
 b - a +0 scale mail (worn)
 c - a +0 buckler
 h - a +0 kite shield (worn)
Jewellery
 e - an amulet of the acrobat
Scrolls
 m - 2 scrolls of teleportation
 n - a scroll of vulnerability {unknown}
 q - a scroll of identify
Potions
 d - a potion of might
 g - 2 potions of brilliance
 i - 2 potions of flight {unknown}
 j - 3 potions of haste {unknown}
 k - a potion of invisibility {unknown}
 l - a potion of lignification {unknown}
 o - a potion of mutation {unknown}
 p - a potion of heal wounds {unknown}
 r - a potion of degeneration {unknown}


   Skills:
 + Level 4.3 Fighting
 + Level 5.2 Long Blades
 + Level 5.1 Armour
 + Level 2.1 Dodging
 + Level 0.3 Stealth
 + Level 4.8 Shields


You had 5 spell levels left.
You didn't know any spells.
Your spell library contained the following spells:

 Spells                   Type           Power      Damage    Failure   Level
 Magic Dart               Conj           0%         1d3       99%         1
 Call Imp                 Summ           0%         N/A       99%         2
 Sublimation of Blood     Necr           0%         N/A       99%         2
 Wereblood                Tmut           0%         N/A       99%         2
 Mephitic Cloud           Conj/Pois/Air  0%         N/A       100%        3
 Summon Hydra             Summ           0%         N/A       100%        7


Dungeon Overview and Level Annotations

Branches:
Dungeon (4/15)
 Temple: D:4-7

Altars:
Ashenzari


Innate Abilities, Weirdness & Mutations

You have a pair of horns on your head.
You reflexively headbutt those who attack you in melee.


Message History

You block the worm's attack. The orc hits you but does no damage.
You hit the worm. You headbutt the worm!
You kill the worm!
The orc hits you from afar with a +0 trident of protection.
The orc wizard casts a spell.
The orc wizard flickers and vanishes!
You block the orc's attack.
You see here a worm corpse.
You barely miss the orc. You closely miss something. You headbutt something!
Something hits you. The orc closely misses you.
You hit the orc but do no damage. Your headbutt misses the orc.
You block something's attack. You block the orc's attack.
You hit the orc but do no damage. Your headbutt misses the orc.
The orc hits you with a +0 trident of protection.
Something hits you. You block the orc's attack. You block something's attack.
You closely miss the orc. You headbutt the orc.
You kill the orc!
You hit something but do no damage. Something hits you but does no damage.
Unknown command.
You hit something but do no damage. Something hits you.
You are electrocuted!
Something hits you but does no damage. x3
Something hits you but does no damage.
You are electrocuted!
* * * LOW HITPOINT WARNING * * *
You hear some strange, mumbled words.
You are confused.
You completely miss something. Your headbutt misses something.
You hear some strange, mumbled words.
You are more confused.
You feel better.
You hear some strange, mumbled words.
A magic dart appears from out of thin air!
The magic dart hits you!
* * * LOW HITPOINT WARNING * * *
You feel very mighty all of a sudden. Something hits you but does no damage.
You completely miss something.
You hear some strange, mumbled words.
A puff of flame appears from out of thin air!
The puff of flame hits you!
You die...

#.#
#.######
#.# #.#
#.# #.#
#.# #.#
#.# ..#
#.# #.#
#.# #@#
#{#
......o)#
.######.#
###


You could see an orc.

Vanquished Creatures
  A scorpion (D:4)
  A hound (D:4)
  An orc priest (D:3)
  An orc wizard (D:3)
  3 gnolls (D:2)
  7 adders
  An ufetubus (D:4)
  4 worms
  2 dart slugs (D:2)
  5 orcs
  2 ball pythons
  3 endoplasms
  7 giant cockroaches
  10 goblins
  3 hobgoblins
  9 jackals
  4 quokkas
  4 bats
  4 frilled lizards
  5 kobolds
  4 rats
  A spectral kobold (D:1)
82 creatures vanquished.

Notes
Turn   | Place    | Note
-------+----------+-------------------------------------------
     0 | D:1      | Silvore the Minotaur Fighter began the quest for the Orb.
     0 | D:1      | Reached XP level 1. HP: 19/19 MP: 0/0
   185 | D:1      | Found a faded altar of an unknown god.
   194 | D:1      | Reached XP level 2. HP: 13/27 MP: 1/1
   203 | D:1      | Prayed at the altar of an unknown god.
   203 | D:1      | Became a worshipper of Ashenzari the Shackled
   204 | D:1      | Fell from the grace of Ashenzari
  1005 | D:2      | Reached XP level 3. HP: 20/33 MP: 2/2
  1558 | D:2      | Was forgiven by Ashenzari
  1628 | D:2      | Reached XP level 4. HP: 31/40 MP: 3/3
  1630 | D:2      | Reached skill level 1 in Dodging
  1952 | D:2      | Identified the +4 sling of the Tired Runes {venom, rCorr
                  | Str+2 Stlth+}
  2430 | D:3      | Reached XP level 5. HP: 34/46 MP: 4/4
  3493 | D:4      | Reached skill level 5 in Long Blades
  3493 | D:4      | Reached skill level 5 in Armour
  3493 | D:4      | Reached XP level 6. HP: 41/52 MP: 5/5
  3982 | D:4      | Killed from afar by an orc wizard

Illustrated notes

Levels and vault maps discovered:
D:1:      psy_arrival_statuary, layout_rooms,
          dreamdust_ecumenical_altar_drowned_temple, minmay_statues_item
D:2:      minmay_door_path, layout_loops_ring, minmay_misc_feat_alley
D:3:      layout_loops_cross
D:4:      cheibrodos_barr_body, layout_basic, nrook_loot_triangle

Skill      XL: |  1  2  3  4  5  6 |
---------------+-------------------+-----
Armour         | 4 5 |  5.1
Shields        | 4 |  4.8
Long Blades    | 3 4 5 |  5.2
Fighting       | 4 |  4.3
Dodging        | 1 2 |  2.1
Stealth        | |  0.3

Action                   |  1- 3 |  4- 6 || total
-------------------------+-------+-------++-------
Melee: Long sword        |   109 |   116 ||   225
       Headbutt          |    13 |    22 ||    35
Invok: Renounce Religion |     1 |       ||     1
  Use: Scroll            |     5 |     1 ||     6
       Potion            |       |     3 ||     3
Armor: Scale mail        |    79 |    74 ||   153
Dodge: Dodged            |    57 |    54 ||   111
Block: Buckler           |     4 |       ||     4
       Kite shield       |    43 |    74 ||   117
